| TOP OF THE 1ST |
|
Quad Cities River Bandits batting - Pitching for Charleston RiverDogs : RHP Danny Rasdall
|
|
Pitching: RHP Danny Rasdall
|
|
|
Batting: RHB Ben Hoffman
|
0-0: Foul Ball, location: 2F 0-1: Swinging Strike 0-2: Ball 1-2: Strikes out swinging
|
|
Batting: RHB Matt Parker
|
0-0: Called Strike 0-1: Ball 1-1: Ball 2-1: SOLO HOME RUN (Flyball, 78XD, EV 106.3 MPH), Distance : 445 ft
|
|
Batting: LHB Angelo Vasquez
|
0-0: Called Strike 0-1: Hit by Pitch
|
|
Batting: RHB Joe Cook
|
0-0: SINGLE (Line Drive, 34, EV 107.5 MPH) Angelo Vasquez to second
|
|
Batting: RHB Steve Moore
|
0-0: Ball 1-0: Ball 2-0: Called Strike 2-1: SINGLE (Flyball, 34D, EV 85.6 MPH) Angelo Vasquez to third Joe Cook to second
|
|
Batting: LHB Kelvin Jones
|
0-0: Ball 1-0: Called Strike 1-1: Ball 2-1: Swinging Strike 2-2: Strikes out swinging
|
|
Batting: RHB Bobby Dunn
|
0-0: Ball 1-0: SINGLE (Groundball, 6MD, EV 104.4 MPH) Angelo Vasquez scores Joe Cook to third Steve Moore to second Runner from 3rd tries for Home, SAFE, throw by CF to home
|
|
Batting: RHB Ben Glavich
|
0-0: Ball 1-0: SINGLE (Groundball, 4MD, EV 103.8 MPH) Steve Moore to third Bobby Dunn to second Runner from 3rd tries for Home, SAFE, throw by CF to home
|
|
Batting: RHB Colin Cranford
|
0-0: Fly out, F4 (Popup, 13, EV 85.0 MPH)
|
| Top of the 1st over - 4 runs, 5 hits, 0 errors, 2 left on base; Quad Cities 4 - Charleston 0 |
| BOTTOM OF THE 1ST |
|
Charleston RiverDogs batting - Pitching for Quad Cities River Bandits : RHP Ray Leuthauser
|
|
Pitching: RHP Ray Leuthauser
|
|
|
Batting: LHB Tatsuo Yasui
|
0-0: Called Strike 0-1: Ball 1-1: SOLO HOME RUN (Flyball, 9D, EV 98.1 MPH), Distance : 387 ft
|
|
Batting: RHB Brandon Lemay
|
0-0: Ground out 4-3 (Groundball, 4, EV 101.3 MPH)
|
|
Batting: RHB James Boynton
|
0-0: Ball 1-0: Swinging Strike 1-1: Foul Ball, location: 2F 1-2: Fly out, F8 (Line Drive, 8LD, EV 86.3 MPH)
|
|
Batting: LHB Ryan Rodgers
|
0-0: Ball 1-0: Ball 2-0: Called Strike 2-1: Swinging Strike 2-2: Foul Ball, location: 2F 2-2: Ball 3-2: Strikes out looking
|
| Bottom of the 1st over - 1 run, 1 hit, 0 errors, 0 left on base; Quad Cities 4 - Charleston 1 |
| TOP OF THE 2ND |
|
Quad Cities River Bandits batting - Pitching for Charleston RiverDogs : RHP Danny Rasdall
|
|
Batting: RHB Ben Hoffman
|
0-0: Ball 1-0: Called Strike 1-1: Ball 2-1: Ball 3-1: SINGLE (Groundball, 56D, EV 96.9 MPH)
|
|
Batting: RHB Matt Parker
|
0-0: Ball 1-0: SINGLE (Line Drive, 56, EV 100.0 MPH) Ben Hoffman to second
|
|
Batting: LHB Angelo Vasquez
|
0-0: Ball 1-0: Called Strike 1-1: Foul Ball, location: 2F 1-2: Foul Ball, location: 2F 1-2: Ball 2-2: Ball 3-2: Foul Ball, location: 2F 3-2: DOUBLE (Flyball, 8RXD, EV 106.9 MPH) Ben Hoffman scores Matt Parker to third Matt Parker scores
|
|
Pitching: RHP Steve Fleming
|
|
|
Batting: RHB Joe Cook
|
0-0: Ball 1-0: Foul Ball, location: 2F 1-1: Foul Ball, location: 2F 1-2: Ball 2-2: Ball 3-2: Foul Ball, location: 2F 3-2: Ground out 4-3 (Groundball, 4M, EV 85.6 MPH) Angelo Vasquez to third
|
|
Batting: RHB Steve Moore
|
0-0: Ball 1-0: Ball 2-0: Foul Ball, location: 2F 2-1: Ground out 6-3 (Groundball, 6S, EV 85.6 MPH) Angelo Vasquez scores
|
|
Batting: LHB Kelvin Jones
|
0-0: Ball 1-0: Ball 2-0: Ball 3-0: Base on Balls
|
|
Batting: RHB Bobby Dunn
|
0-0: Called Strike 0-1: Called Strike Kelvin Jones steals 2nd base (no throw) 0-2: Ball 1-2: Foul Ball, location: 2F 1-2: Fly out, F8 (Line Drive, 8RD, EV 88.1 MPH)
|
| Top of the 2nd over - 3 runs, 3 hits, 0 errors, 1 left on base; Quad Cities 7 - Charleston 1 |
| BOTTOM OF THE 2ND |
|
Charleston RiverDogs batting - Pitching for Quad Cities River Bandits : RHP Ray Leuthauser
|
|
Batting: RHB Riley Nasiir
|
0-0: Ball 1-0: Ball 2-0: Ball 3-0: Called Strike 3-1: Ground out 5-3 (Groundball, 56S, EV 88.1 MPH)
|
|
Batting: LHB Eddie Ramirez
|
0-0: Ball 1-0: Ball 2-0: Fly out, F4 (Line Drive, 4, EV 63.1 MPH)
|
|
Batting: RHB Luwen Storm
|
0-0: Ball 1-0: Ground out 4-3 (Groundball, 4M, EV 110.0 MPH)
|
| Bottom of the 2nd over - 0 runs, 0 hits, 0 errors, 0 left on base; Quad Cities 7 - Charleston 1 |
| TOP OF THE 3RD |
|
Quad Cities River Bandits batting - Pitching for Charleston RiverDogs : RHP Steve Fleming
|
|
Batting: RHB Ben Glavich
|
0-0: Ball 1-0: SINGLE (Flyball, 3D, EV 88.8 MPH)
|
|
Batting: RHB Colin Cranford
|
0-0: DOUBLE (Flyball, 8LXD, EV 106.3 MPH) Ben Glavich to third
|
|
Batting: RHB Ben Hoffman
|
0-0: Fly out, F9 (Flyball, 9S, EV 88.8 MPH)
|
|
Batting: RHB Matt Parker
|
0-0: Ball 1-0: Foul Ball, location: 2F 1-1: Ball 2-1: Swinging Strike 2-2: Strikes out swinging
|
|
Batting: LHB Angelo Vasquez
|
0-0: Foul Ball, location: 2F 0-1: Called Strike 0-2: Ball 1-2: Ground out U3 (Groundball, 34, EV 101.9 MPH)
|
| Top of the 3rd over - 0 runs, 2 hits, 0 errors, 2 left on base; Quad Cities 7 - Charleston 1 |
| BOTTOM OF THE 3RD |
|
Charleston RiverDogs batting - Pitching for Quad Cities River Bandits : RHP Ray Leuthauser
|
|
Batting: RHB Miguel Leal
|
0-0: Fly out, F6 (Line Drive, 6, EV 67.5 MPH)
|
|
Batting: RHB Nick Massengale
|
0-0: SOLO HOME RUN (Flyball, 7LD, EV 96.3 MPH), Distance : 376 ft
|
|
Batting: LHB Tatsuo Yasui
|
0-0: SINGLE (Groundball, 15S, EV 73.1 MPH) (infield hit)
|
|
Batting: RHB Brandon Lemay
|
0-0: Called Strike 0-1: Fly out, F7 (Line Drive, 7, EV 94.4 MPH)
|
|
Batting: RHB James Boynton
|
0-0: Ball 1-0: Ball Tatsuo Yasui steals 2nd base 2-0: Ball 3-0: Ground out 4-3 (Groundball, 4, EV 81.3 MPH)
|
| Bottom of the 3rd over - 1 run, 2 hits, 0 errors, 1 left on base; Quad Cities 7 - Charleston 2 |
| TOP OF THE 4TH |
|
Quad Cities River Bandits batting - Pitching for Charleston RiverDogs : RHP Steve Fleming
|
|
Batting: RHB Joe Cook
|
0-0: Swinging Strike 0-1: Ground out 5-3 (Groundball, 56S, EV 90.0 MPH)
|
|
Batting: RHB Steve Moore
|
0-0: Foul Ball, location: 2F 0-1: Foul Ball, location: 2F 0-2: Fly out, F9 (Flyball, 9S, EV 93.1 MPH)
|
|
Batting: LHB Kelvin Jones
|
0-0: Called Strike 0-1: Called Strike 0-2: Ball 1-2: DOUBLE (Line Drive, 78D, EV 106.3 MPH)
|
|
Batting: RHB Bobby Dunn
|
0-0: Called Strike 0-1: Ball 1-1: Ball 2-1: Foul Ball, location: 2F 2-2: Fly out, F8 (Flyball, 8RM, EV 91.9 MPH)
|
| Top of the 4th over - 0 runs, 1 hit, 0 errors, 1 left on base; Quad Cities 7 - Charleston 2 |
| BOTTOM OF THE 4TH |
|
Charleston RiverDogs batting - Pitching for Quad Cities River Bandits : RHP Ray Leuthauser
|
|
Batting: LHB Ryan Rodgers
|
0-0: Foul Ball, location: 2F 0-1: Swinging Strike 0-2: Foul Ball, location: 2F 0-2: Ball 1-2: Strikes out swinging
|
|
Batting: RHB Riley Nasiir
|
0-0: Called Strike 0-1: Swinging Strike 0-2: Ball 1-2: Strikes out swinging
|
|
Batting: LHB Eddie Ramirez
|
0-0: DOUBLE (Groundball, 5L, EV 107.5 MPH)
|
|
Batting: RHB Luwen Storm
|
0-0: Ball 1-0: Ground out U3 (Groundball, 34S, EV 63.8 MPH)
|
| Bottom of the 4th over - 0 runs, 1 hit, 0 errors, 1 left on base; Quad Cities 7 - Charleston 2 |
| TOP OF THE 5TH |
|
Quad Cities River Bandits batting - Pitching for Charleston RiverDogs : RHP Steve Fleming
|
|
Batting: RHB Ben Glavich
|
0-0: Ball 1-0: Called Strike 1-1: Ball 2-1: Ground out 1-3 (Groundball, 13S, EV 56.9 MPH)
|
|
Batting: RHB Colin Cranford
|
0-0: Ball 1-0: Ground out 4-3 (Groundball, 4M, EV 105.0 MPH)
|
|
Batting: RHB Ben Hoffman
|
0-0: Called Strike 0-1: Ball 1-1: Ground out 1-3 (Groundball, 15S, EV 75.6 MPH)
|
| Top of the 5th over - 0 runs, 0 hits, 0 errors, 0 left on base; Quad Cities 7 - Charleston 2 |
| BOTTOM OF THE 5TH |
|
Charleston RiverDogs batting - Pitching for Quad Cities River Bandits : RHP Ray Leuthauser
|
|
Batting: RHB Miguel Leal
|
0-0: Ball 1-0: Foul Ball, location: 2F 1-1: Ball 2-1: Foul Ball, location: 2F 2-2: Ball 3-2: Base on Balls
|
|
Batting: RHB Nick Massengale
|
0-0: Ball 1-0: Foul Ball, location: 2F 1-1: Foul Ball, location: 2F 1-2: Foul Ball, location: 2F 1-2: Foul Ball, location: 2F 1-2: Strikes out looking
|
|
Batting: LHB Tatsuo Yasui
|
0-0: Ball 1-0: Called Strike 1-1: Called Strike 1-2: Strikes out swinging
|
|
Batting: RHB Brandon Lemay
|
0-0: Ball 1-0: Called Strike 1-1: Foul Ball, location: 2F 1-2: Strikes out swinging
|
| Bottom of the 5th over - 0 runs, 0 hits, 0 errors, 1 left on base; Quad Cities 7 - Charleston 2 |
| TOP OF THE 6TH |
|
Quad Cities River Bandits batting - Pitching for Charleston RiverDogs : RHP Steve Fleming
|
|
Batting: RHB Matt Parker
|
0-0: Ball 1-0: Swinging Strike 1-1: Foul Ball, location: 2F 1-2: Ground out 6-3 (Groundball, 6, EV 101.3 MPH)
|
|
Pitching: RHP William Beran
|
|
|
Batting: LHB Angelo Vasquez
|
0-0: Ball 1-0: Ball 2-0: Called Strike 2-1: Ball 3-1: Base on Balls
|
|
Batting: RHB Joe Cook
|
0-0: Ball 1-0: SINGLE (Groundball, 6MD, EV 98.8 MPH) Angelo Vasquez to second
|
|
Batting: RHB Steve Moore
|
0-0: Called Strike 0-1: Foul Ball, location: 2F 0-2: Foul Ball, location: 2F 0-2: Ball 1-2: Strikes out swinging
|
|
Batting: LHB Kelvin Jones
|
0-0: Fly out, F9 (Flyball, 9LM, EV 96.9 MPH)
|
| Top of the 6th over - 0 runs, 1 hit, 0 errors, 2 left on base; Quad Cities 7 - Charleston 2 |
| BOTTOM OF THE 6TH |
|
Charleston RiverDogs batting - Pitching for Quad Cities River Bandits : RHP Ray Leuthauser
|
|
Batting: RHB James Boynton
|
0-0: Ball 1-0: Ball 2-0: Ground out 3-1 (Groundball, 34, EV 78.1 MPH)
|
|
Batting: LHB Ryan Rodgers
|
0-0: Ball 1-0: Ball 2-0: Ground out 4-3 (Groundball, 4, EV 99.4 MPH)
|
|
Batting: RHB Riley Nasiir
|
0-0: SINGLE (Groundball, 6MD, EV 106.9 MPH)
|
|
Batting: LHB Eddie Ramirez
|
0-0: Ball 1-0: Called Strike 1-1: Ball 2-1: Ball 3-1: SINGLE (Groundball, 56D, EV 99.4 MPH) Riley Nasiir to second Runner from 2nd tries for 3rd, SAFE, no throw by LF
|
|
Batting: RHB Luwen Storm
|
0-0: Ball 1-0: Called Strike 1-1: Swinging Strike 1-2: Ball 2-2: Ball 3-2: SINGLE (Groundball, 6D, EV 106.3 MPH) Riley Nasiir scores Eddie Ramirez to second Eddie Ramirez to third
|
|
Batting: RHB Miguel Leal
|
0-0: Foul Ball, location: 2F 0-1: Called Strike 0-2: SINGLE (Groundball, 56D, EV 111.3 MPH) Eddie Ramirez scores Luwen Storm to second
|
|
Batting: RHB Nick Massengale
|
0-0: Ball 1-0: Called Strike 1-1: Foul Ball, location: 2F 1-2: Foul Ball, location: 2F 1-2: Ball 2-2: Fielders Choice at 2nd, 6-4 (Groundball, 56, EV 90.6 MPH)
|
| Bottom of the 6th over - 2 runs, 4 hits, 0 errors, 2 left on base; Quad Cities 7 - Charleston 4 |
| TOP OF THE 7TH |
|
Quad Cities River Bandits batting - Pitching for Charleston RiverDogs : RHP William Beran
|
|
Batting: RHB Bobby Dunn
|
0-0: Ball 1-0: Fly out, F8 (Flyball, 78XD, EV 101.3 MPH)
|
|
Batting: RHB Ben Glavich
|
0-0: Ball 1-0: SINGLE (Line Drive, 89S, EV 94.4 MPH)
|
|
Batting: RHB Colin Cranford
|
0-0: Called Strike 0-1: Called Strike 0-2: Strikes out swinging
|
|
Batting: RHB Ben Hoffman
|
0-0: Foul Ball, location: 2F 0-1: Called Strike 0-2: Fielders Choice at 2nd, 6-4 (Groundball, 6, EV 107.5 MPH)
|
| Top of the 7th over - 0 runs, 1 hit, 0 errors, 1 left on base; Quad Cities 7 - Charleston 4 |
| BOTTOM OF THE 7TH |
|
Charleston RiverDogs batting - Pitching for Quad Cities River Bandits : RHP Ray Leuthauser
|
|
Batting: LHB Tatsuo Yasui
|
0-0: TRIPLE (Groundball, 3D, EV 98.1 MPH)
|
|
Batting: RHB Brandon Lemay
|
0-0: Ball 1-0: Called Strike 1-1: Ball 2-1: Swinging Strike 2-2: Ball 3-2: Foul Ball, location: 2F 3-2: Fly out, F8 (Flyball, 8LD, EV 100.0 MPH) Runner from 3rd tags up, OUT at HOME! 8-2
|
|
Batting: RHB James Boynton
|
0-0: Called Strike 0-1: Foul Ball, location: 2F 0-2: Ball 1-2: Foul Ball, location: 2F 1-2: Ball 2-2: Ball 3-2: SOLO HOME RUN (Flyball, 7D, EV 106.9 MPH), Distance : 411 ft
|
|
Batting: LHB Ryan Rodgers
|
0-0: Ball 1-0: Ground out 6-3 (Groundball, 6, EV 100.6 MPH)
|
| Bottom of the 7th over - 1 run, 2 hits, 0 errors, 0 left on base; Quad Cities 7 - Charleston 5 |
| TOP OF THE 8TH |
|
Quad Cities River Bandits batting - Pitching for Charleston RiverDogs : RHP William Beran
|
|
Batting: RHB Matt Parker
|
0-0: Ball 1-0: Ball 2-0: Fly out, F9 (Flyball, 9LS, EV 93.8 MPH)
|
|
Batting: LHB Angelo Vasquez
|
0-0: Ball 1-0: Ground out 2-3 (Groundball, 15S, EV 72.5 MPH)
|
|
Batting: RHB Joe Cook
|
0-0: Called Strike 0-1: Ball 1-1: Ball 2-1: Foul Ball, location: 2F 2-2: Strikes out swinging
|
| Top of the 8th over - 0 runs, 0 hits, 0 errors, 0 left on base; Quad Cities 7 - Charleston 5 |
| BOTTOM OF THE 8TH |
|
Charleston RiverDogs batting - Pitching for Quad Cities River Bandits : RHP Ray Leuthauser
|
|
Pitching: RHP Arsène Serre
|
|
|
Batting: RHB Riley Nasiir
|
0-0: Swinging Strike 0-1: Called Strike 0-2: Strikes out swinging
|
|
Batting: LHB Eddie Ramirez
|
0-0: Called Strike 0-1: Swinging Strike 0-2: Foul Ball, location: 2F 0-2: Ball 1-2: Ball 2-2: Foul Ball, location: 2F 2-2: Strikes out swinging
|
|
Batting: RHB Luwen Storm
|
0-0: Ball 1-0: Called Strike 1-1: Ball 2-1: TRIPLE (Line Drive, 9LD, EV 101.9 MPH)
|
|
Batting: RHB Miguel Leal
|
0-0: Ball Wild Pitch! Luwen Storm scores 1-0: Called Strike 1-1: Fly out, F7 (Flyball, 7S, EV 93.1 MPH)
|
| Bottom of the 8th over - 1 run, 1 hit, 0 errors, 0 left on base; Quad Cities 7 - Charleston 6 |
| TOP OF THE 9TH |
|
Quad Cities River Bandits batting - Pitching for Charleston RiverDogs : RHP William Beran
|
|
Pitching: RHP Bruce Cruz
|
|
|
Batting: RHB Steve Moore
|
0-0: Ball 1-0: Ball 2-0: Called Strike 2-1: Ball 3-1: SINGLE (Groundball, 5S, EV 64.4 MPH) (infield hit)
|
|
Batting: LHB Kelvin Jones
|
0-0: Ball 1-0: Sac Bunt to 3S - play at first, batter OUT! 3-1 Steve Moore to second
|
|
Batting: RHB Bobby Dunn
|
0-0: Swinging Strike 0-1: Ground out U3 (Groundball, 23, EV 77.5 MPH) Steve Moore to third
|
|
Batting: RHB Ben Glavich
|
0-0: Ball 1-0: Ball 2-0: Ball 3-0: Called Strike 3-1: Base on Balls
|
|
Batting: RHB Colin Cranford
|
0-0: Called Strike 0-1: Swinging Strike 0-2: Ball 1-2: Fly out, F3 (Line Drive, 3, EV 61.3 MPH)
|
| Top of the 9th over - 0 runs, 1 hit, 0 errors, 2 left on base; Quad Cities 7 - Charleston 6 |
| BOTTOM OF THE 9TH |
|
Charleston RiverDogs batting - Pitching for Quad Cities River Bandits : RHP Arsène Serre
|
|
Pitching: RHP Chris Miles
|
|
|
Now at 1B: Salvador Gomez
|
|
|
Pinch Hitting: SHB Mike Goad
|
0-0: Ball 1-0: Ball 2-0: Ball 3-0: Base on Balls
|
|
Batting: LHB Tatsuo Yasui
|
0-0: Bunted foul 0-1: Sac Bunt to 2L - play at first, batter OUT! 2-4 Mike Goad to second
|
|
Batting: RHB Brandon Lemay
|
0-0: Ball 1-0: Ball 2-0: Hit by Pitch
|
|
Batting: RHB James Boynton
|
0-0: Ball 1-0: Ball 2-0: Ball 3-0: Called Strike 3-1: Called Strike 3-2: Base on Balls Mike Goad to third Brandon Lemay to second
|
|
Batting: LHB Ryan Rodgers
|
0-0: Foul Ball, location: 2F 0-1: Ball 1-1: Foul Ball, location: 2F 1-2: Ball 2-2: Foul Ball, location: 2F 2-2: Ball 3-2: DOUBLE (Flyball, 3D, EV 101.9 MPH) Mike Goad scores Brandon Lemay scores
|
| Bottom of the 9th over - 2 runs, 1 hit, 0 errors, 0 left on base; Quad Cities 7 - Charleston 8 |
| |
|
Game Over ... Charleston defeats Quad Cities, 8 to 7
|
|
|